 Dungeon Crawl Stone Soup version 0.28.0 (webtiles) character file.

Game seed: 13687089963712798066

42 Host24 the Bolt Thrower (level 3, 0/23 HPs)
             Began as a Kobold Hunter on Feb 5, 2022.
             Slain by a jackal (1 damage)
             ... on level 2 of the Dungeon.
             The game lasted 00:02:12 (1858 turns).

Host24 the Bolt Thrower (Kobold Hunter)             Turns: 1858, Time: 00:02:13

Health: 0/23       AC:  3    Str: 11    XL:     3   Next: 77%
Magic:  3/3        EV: 14    Int: 12    God:
Gold:   28         SH:  0    Dex: 15    Spells: 2/2 levels left

rFire   . . .      SeeInvis .   b - +0 short sword
rCold   . . .      Faith    .   (no shield)
rNeg    . . .      Spirit   .   c - +0 leather armour
rPois   .          Reflect  .   (no helmet)
rElec   .          Harm     .   (no cloak)
rCorr   .          Rampage  .   (no gloves)
Will    .....                   (no boots)
Stlth   +++.......              (no amulet)
HPRegen 0.07/turn               (no ring)
MPRegen 0.08/turn               (no ring)

@: no status effects
A: small, no large weapons, nightstalker 3
a: no special abilities


You were on level 2 of the Dungeon.
You visited 1 branch of the dungeon, and saw 2 of its levels.

You collected 28 gold pieces.

Inventory:

Hand Weapons
 a - a +1 hand crossbow
 b - a +0 short sword (weapon)
Missiles
 d - 8 bolts
 i - 23 stones (quivered)
Armour
 c - a +0 leather armour (worn)
Jewellery
 e - a ring of wizardry
Scrolls
 g - a scroll of noise {unknown}
 h - a scroll of identify {unknown}
Potions
 f - a potion of brilliance {unknown}


   Skills:
 - Level 3.0 Fighting
 + Level 5.5 Crossbows
 - Level 3.0 Dodging
 - Level 1.3 Stealth


You had 2 spell levels left.
You didn't know any spells.
Your spell library contained the following spells:

 Spells                   Type           Power      Damage    Failure   Level
 Static Discharge         Conj/Air       0%         N/A       54%         2
 Dispel Undead            Necr           0%         3d6       99%         4
 Sticky Flame             Conj/Fire      0%         2d3       99%         4


Dungeon Overview and Level Annotations

Branches:
Dungeon (2/15)

Altars:


Innate Abilities, Weirdness & Mutations

You are small and have problems with some larger weapons.
You are completely attuned to the shadows.


Message History

The jackal is heavily wounded.
The jackal bites you. The jackal misses you.
The jackal bites you but does no damage.
The jackal barely misses you.
You hit the jackal but do no damage.
The jackal is heavily wounded.
The jackal bites you.
* * * LOW HITPOINT WARNING * * *
The jackal bites you.
* * * LOW HITPOINT WARNING * * *
You barely miss the jackal.
The jackal is moderately wounded.
The jackal bites you.
* * * LOW HITPOINT WARNING * * *
The jackal misses you. The jackal barely misses you. The jackal misses you.
You completely miss the jackal.
The jackal is moderately wounded.
The jackal completely misses you. The jackal closely misses you. x2
You barely miss the jackal.
The jackal is moderately wounded.
The jackal closely misses you. The jackal misses you.
The jackal closely misses you.
You miss the jackal.
The jackal is moderately wounded.
The jackal bites you.
* * * LOW HITPOINT WARNING * * *
The jackal misses you. x2
The jackal bites you but does no damage.
You hit the jackal but do no damage.
The jackal is moderately wounded.
The jackal barely misses you. x2
You closely miss the jackal. Your punch misses the jackal.
The jackal is moderately wounded.
The jackal misses you. The jackal barely misses you. The jackal bites you.
* * * LOW HITPOINT WARNING * * *
The jackal closely misses you.
You hit the jackal.
The jackal is severely wounded.
The jackal bites you.
You die...

#. #..
##.##..#......## ..
....((.(.......##.##.
...#.(#..............
......(.............#
..#...<.<...((.h@....
...............h....#
....##.#...###.######
....#..#...# #.#
......##...# #.#
.......#....
.##.#.... ..#...##.
#..####


You could see 2 jackals.

Vanquished Creatures
  A worm (D:2)
  4 dart slugs (D:1)
  2 giant cockroaches (D:1)
  3 goblins (D:1)
  3 hobgoblins (D:1)
  4 jackals
  A kobold (D:1)
  2 quokkas (D:1)
  2 ball pythons (D:1)
  3 frilled lizards (D:1)
  3 rats (D:1)
28 creatures vanquished.

Notes
Turn   | Place    | Note
-------+----------+-------------------------------------------
     0 | D:1      | Host24 the Kobold Hunter began the quest for the Orb.
     0 | D:1      | Reached XP level 1. HP: 12/12 MP: 1/1
    37 | D:1      | Reached skill level 5 in Crossbows
   449 | D:1      | Reached XP level 2. HP: 17/17 MP: 2/2
   999 | D:1      | Reached XP level 3. HP: 13/23 MP: 3/3
  1612 | D:1      | Found a faded altar of an unknown god.
  1857 | D:2      | HP: 1/23 [jackal (1)]
  1858 | D:2      | Slain by a jackal

Illustrated notes

Levels and vault maps discovered:
D:1:      denvon_arrival_planthouse, layout_basic,
          hellmonk_ecumenical_altar_run_dry
D:2:      layout_rooms, uniq_crazy_yiuf_cottage

Skill      XL: |  1  2  3 |
---------------+----------+-----
Crossbows      | 5 |  5.5
Fighting       | 3 |  3.0
Dodging        | 3 |  3.0
Stealth        | |  1.3

Action                   || total
-------------------------++-------
Melee: Short sword       ||    96
       Punch             ||     1
 Fire: Hand crossbow     ||    21
 Stab: Sleeping          ||     6
       Distracted        ||     1
Armor: Leather armour    ||    27
Dodge: Dodged            ||   100
